 Dungeon Sprint DCSS version 0.29-a0-723-gce39da1c22 (webtiles) character file.

Game seed: 12663169276848736654

351 manyhoops the Carver (level 6, -5/45 HPs)
             Began as a Draconian Fighter on June 28, 2022.
             Slain by a neqoxec (8 damage)
             ... in the Dungeon (Sprint II: "The Violet Keep of Menkaure").
             The game lasted 00:00:23 (40 turns).

manyhoops the Carver (Draconian Fighter)              Turns: 40, Time: 00:00:24

Health: -5/45      AC:  6    Str: 18    XL:     6   Next: 34%
Magic:  6/6        EV: 12    Int:  6    God:
Gold:   0          SH:  4    Dex: 13    Spells: 5/5 levels left

rFire   . . .      SeeInvis .   a - +0 rapier
rCold   . . .      Faith    .   b - +0 buckler
rNeg    . . .      Spirit   .   (body armour unavailable)
rPois   .          Reflect  .   (helmet restricted)
rElec   .          Harm     .   (no cloak)
rCorr   .          Rampage  .   (no gloves)
Will    .....      NoTele   +   (no boots)
Stlth   +.........              (no amulet)
HPRegen 0.15/turn               (no ring)
MPRegen 0.10/turn               (no ring)

@: on berserk cooldown, slowed, unable to read, very slow
A: AC +6, unfitting armour, cold-blooded, stinger 1, dopey 1, frail 1, evolution
1, no potion heal 1, inability to read while threatened 1
a: no special abilities


You were in the Dungeon.
You visited 1 branch

Inventory:

Hand Weapons
 a - a +0 rapier (weapon)
Armour
 b - a +0 buckler (worn)
Scrolls
 i - a scroll of blinking
Potions
 c - a potion of might
 d - a potion of curing
 f - a potion of haste
 g - 2 potions of magic


   Skills:
 - Level 3.2 Fighting
 - Level 2.0(8.9) Short Blades
 + Level 13.4 Long Blades
 - Level 2.6 Dodging
 - Level 3.0 Shields


You had 5 spell levels left.
You didn't know any spells.
Your spell library was empty.

Dungeon Overview and Level Annotations

Branches:
Dungeon (1/1)

Altars:


Innate Abilities, Weirdness & Mutations

Your plain brown scales are hard. (AC +6)
You cannot fit into any form of body armour.
You are cold-blooded and may be slowed by cold attacks.
Your tail ends in a venomous barb.
You are dopey. (Int -2)
You are frail. (-10% HP)
You have hidden genetic potential.
Potions are less effective at restoring your health.
You occasionally lose the ability to read scrolls when taking damage.


Message History

The neqoxec hits you but does no damage.
You hit the neqoxec but do no damage.
Your tail-slap misses the neqoxec.
The neqoxec is lightly wounded.
You block the neqoxec's attack. The neqoxec gestures at you.
Something tries to feed on your intellect!
You closely miss the neqoxec.
The neqoxec is lightly wounded.
The neqoxec hits you!
You feel threatened and lose the ability to read scrolls!
* * * LOW HITPOINT WARNING * * *
You hit the neqoxec but do no damage.
The neqoxec is lightly wounded.
The neqoxec hits you but does no damage.
You barely miss the neqoxec.
The neqoxec is lightly wounded.
The neqoxec hits you but does no damage.
You closely miss the neqoxec.
Your tail-slap misses the neqoxec.
The neqoxec is lightly wounded.
The neqoxec hits you.
* * * LOW HITPOINT WARNING * * *
You hit the neqoxec.
The neqoxec is lightly wounded.
The neqoxec closely misses you. The neqoxec hits you.
* * * LOW HITPOINT WARNING * * *
You miss the neqoxec.
The neqoxec is lightly wounded.
The neqoxec hits you.
* * * LOW HITPOINT WARNING * * *
You hit the neqoxec.
The neqoxec is moderately wounded.
You can read scrolls again.
The neqoxec gestures at you.
Strange energies course through your body.
You feel frail.
You completely miss the neqoxec.
The neqoxec is moderately wounded.
The neqoxec hits you!
You feel threatened and lose the ability to read scrolls!
You die...

# #+# .#
##.##.#
+.<@3$#
##.##..#
#+# .# #


You could see a neqoxec.

Vanquished Creatures
  3 neqoxecs (D)
3 creatures vanquished.

Notes
Turn   | Place    | Note
-------+----------+-------------------------------------------
     0 | D        | manyhoops the Draconian Fighter began the quest for the
                  | Orb.
     0 | D        | Reached XP level 1. HP: 19/19 MP: 1/1
     1 | D        | Noticed a neqoxec
     1 | D        | Noticed a neqoxec
     1 | D        | Noticed a neqoxec
     1 | D        | Noticed a neqoxec
     2 | D        | Gained mutation: You occasionally lose the ability to read
                  | scrolls when taking damage. [a neqoxec]
     6 | D        | Gained mutation: Potions are less effective at restoring
                  | your health. [a neqoxec]
     8 | D        | Gained mutation: You have hidden genetic potential. [a
                  | neqoxec]
     9 | D        | Killed a neqoxec
    10 | D        | Reached skill level 9 in Long Blades
    10 | D        | Reached XP level 2. HP: 21/26 MP: 2/2
    10 | D        | Reached XP level 3. HP: 25/31 MP: 3/3
    10 | D        | Reached XP level 4. HP: 32/38 MP: 4/4
    13 | D        | Killed a neqoxec
    14 | D        | Reached skill level 11 in Long Blades
    14 | D        | Reached XP level 5. HP: 19/45 MP: 5/5
    22 | D        | Killed a neqoxec
    23 | D        | Reached skill level 13 in Long Blades
    23 | D        | Reached XP level 6. HP: 12/51 MP: 6/6
    24 | D        | Gained mutation: Your tail ends in a venomous barb. [hidden
                  | potential]
    27 | D        | Gained mutation: You are dopey. (Int -2) [a neqoxec]
    39 | D        | Gained mutation: You are frail. (-10% HP) [a neqoxec]
    40 | D        | Slain by a neqoxec

Illustrated notes

Levels and vault maps discovered:
D:        the_violet_keep_of_menkaure [sprint2_stairs_cluster_1,
          sprint2_shoproom, sprint2_temple, sprint2_basic_supplies,
          sprint2_obstacle_4, sprint2_obstacle_2, sprint2_obstacle_6,
          sprint2_obstacle_1, sprint2_obstacle_3, sprint2_timed_cluster_1,
          sprint2_smallroom_cluster_1, sprint2_smallroom_final_cluster_1,
          sprint2_transparent_cluster_1, sprint2_second_timed_cluster_1,
          sprint2_sniper_area_1, sprint2_heavy_combat_area_1,
          sprint2_mutation_trap_area_1, sprint2_forest_area_1,
          sprint2_light_combat_area_1, sprint2_behind_water_1,
          sprint2_near_end_vault_1]

Skill      XL: |  1  2  3  4  5 |
---------------+----------------+-----
Long Blades    | 9 11 13 | 13.4
Fighting       | |  3.2
Short Blades   | |  2.0
Dodging        | |  2.6
Shields        | |  3.0

Action                   |  1- 3 |  4- 6 || total
-------------------------+-------+-------++-------
Melee: Rapier            |     7 |    30 ||    37
       Tailslap          |       |     4 ||     4
  Use: Potion            |     1 |     1 ||     2
Armor: Skin              |       |     5 ||     5
Dodge: Dodged            |     1 |     6 ||     7
Block: Buckler           |       |     5 ||     5

Table legend: (Time is in decaauts)
 A = Elapsed time spent in this place.
 B = Non-inter-level travel time spent in this place.
 C = Inter-level travel time spent in this place.
 D = Time resting spent in this place.
 E = Time spent auto-exploring this place.
 F = Levels seen in this place.
 G = Mean time per level.
                   A        B        C        D        E       F      G
               +--------+--------+--------+--------+--------+-----+--------+
         Total |     38 |     38 |      0 |      0 |      0 |   1 |   38.0 |
       Dungeon |     38 |     38 |      0 |      0 |      0 |   1 |   38.0 |
               +--------+--------+--------+--------+--------+-----+--------+

Top non-repeatable levels by time:
       D: 38 daAuts
